 Dungeon Crawl Stone Soup version 0.27.1-33-g824d729ab1 (webtiles) character file.

Game seed: 3806815244974030681

689 Atelerd the Sneak (level 7, 0/41 HPs)
             Began as an Octopode Earth Elementalist on Dec 20, 2021.
             Slain by a centaur skeleton (4 damage)
             ... on level 4 of the Dungeon.
             The game lasted 00:05:55 (4732 turns).

Atelerd the Sneak (Octopode Earth Elementalist)     Turns: 4732, Time: 00:05:55

Health: 0/41       AC:  1    Str: 11 (12) XL:     7   Next: 63%
Magic:  14/14      EV: 13    Int: 18 (19) God:
Gold:   76         SH:  0    Dex: 12 (14) Spells: 10/15 levels left

rFire    . . .     SeeInvis .   w - +3 dagger (vamp)
rCold    . . .     Faith    .   (no shield)
rNeg     . . .     Spirit   .   (helmet restricted)
rPois    .         Reflect  .   d - amulet of magic regeneration
rElec    .         Harm     .   (no ring)
rCorr    .         Rampage  .   (no ring)
Will     .....                  (no ring)
Stlth    ++++......             (no ring)
HPRegen  0.13/turn              (no ring)
MPRegen  0.39/turn              (no ring)
                                (no ring)
                                (no ring)

@: no status effects
A: almost no armour, amphibious, 8 rings, camouflage 1, gelatinous body 1,
(nimble swimmer 1), tentacles, agile 1, strong 2
a: no special abilities


You were on level 4 of the Dungeon.
You visited 1 branch of the dungeon, and saw 4 of its levels.

You collected 106 gold pieces.
You spent 30 gold pieces at shops.

Inventory:

Hand Weapons
 c - a +0 dagger
 w - a +3 vampiric dagger (weapon)
Missiles
 b - 118 stones
Jewellery
 d - an amulet of magic regeneration (around mantle)
 v - an amulet of faith
Wands
 r - a wand of flame (15)
Scrolls
 a - 2 scrolls of enchant armour {unknown}
 e - 2 scrolls of amnesia {unknown}
 h - a scroll of fog {unknown}
 i - 2 scrolls of immolation
 j - 3 scrolls of blinking {unknown}
 l - a scroll of teleportation {unknown}
 q - a scroll of identify {unknown}
 t - 2 scrolls of enchant weapon
 u - 2 scrolls of magic mapping {unknown}
 y - a scroll of fear {unknown}
Potions
 f - a potion of cancellation {unknown}
 g - a potion of might {unknown}
 k - a potion of flight {unknown}
 m - a potion of resistance {unknown}
 n - a potion of invisibility {unknown}
 o - a potion of lignification {unknown}
 p - a potion of mutation
 s - 2 potions of degeneration
 x - a potion of curing {unknown}
 z - a potion of attraction


   Skills:
 - Level 2.0 Dodging
 - Level 6.0 Stealth
 + Level 4.9 Spellcasting
 - Level 2.0 Transmutations
 + Level 5.6 Earth Magic


You had 10 spell levels left.
You knew the following spells:

 Your Spells              Type           Power      Damage    Failure   Level
a - Sandblast             Erth           48%        2d12      1%          1
b - Petrify               Tmut/Erth      18%        N/A       28%         4

Your spell library contained the following spells:

 Spells                   Type           Power      Damage    Failure   Level
 Passwall                 Tmut/Erth      15%        N/A       4%          2
 Stone Arrow              Conj/Erth      28%        3d8       13%         3
 Animate Skeleton         Necr           8%         N/A       14%         1
 Apportation              Tloc           8%         N/A       14%         1
 Corona                   Hex            4%         N/A       14%         1
 Summon Small Mammal      Summ           16%        N/A       14%         1


Dungeon Overview and Level Annotations

Branches:
Dungeon (4/15)
 Temple: D:4-7

Altars:
Cheibriados

Shops:
D:4 *

Annotations:
D:3 1 runed translucent door, miilacz's ghost, amateur GnWn


Innate Abilities, Weirdness & Mutations

You cannot wear most types of armour.
You are amphibious.
You can wear up to eight rings at the same time.
Your skin changes colour to match your surroundings (Stealth+).
Your rubbery body absorbs attacks. (AC +1, EV +1)
((You are camouflaged near water. (Stealth+)))
You have tentacles for arms and can constrict up to eight enemies at once.
You are agile. (Dex +2)
Your muscles are very strong. (Str +4)


Message History

You kill the gnoll!
You can't see any susceptible monsters within range! (Use Z to cast anyway.)
A gnoll comes into view. It is wielding a +0 whip.
Things that are here:
a +0 spear; 2 throwing nets; a gnoll corpse
Found 11 gold pieces.
The gnoll shouts! x3
The gnoll hits you from afar with a +0 halberd!
The gnoll throws a throwing net.
The throwing net hits you.
You become entangled in the net!
You see here a throwing net.
Unknown command.
You struggle against the net.
The gnoll hits you from afar with a +0 halberd!
Unknown command.
You struggle against the net.
The gnoll barely misses you.
The gnoll hits you from afar with a +0 halberd!
Unknown command.
Okay, then.
Okay, then.
Okay, then.
Okay, then.
You shred the net and break free! The gnoll hits you with a +0 whip.
* * * LOW HITPOINT WARNING * * *
The gnoll hits you with a +0 club.
* * * LOW HITPOINT WARNING * * *
The gnoll misses you.
Unknown command.
It was a potion of degeneration.
There was something very wrong with that liquid.
You feel weakened.
You feel dopey.
You feel clumsy. The gnoll closely misses you.
The gnoll hits you with a +0 club.
* * * LOW HITPOINT WARNING * * *
The gnoll hits you from afar with a +0 halberd.
* * * LOW HITPOINT WARNING * * *
It was a potion of mutation.
You feel extremely strange.
You feel agile.
You feel stronger. x2
The gnoll misses you. The gnoll barely misses you.
The centaur skeleton hits you.
You die...

###...##)#.#.#######.#
...........#.# #.#
###...######.# #.#
##.## #.# #.# #.# #.#
#.# #.# #.# #.# ##'##
#)#######.# ##...##
#.....)...# ##.....##
#####@##### #.......#
#gggZ..# .........#
#....##$# .........+
......# #
.........####....#
#.......## ##.#.#
##...>.## #.#.#
##...## #.... #+##


You could see 3 gnolls and a centaur skeleton.

Vanquished Creatures
  Grinder (D:3)
  Sigmund (D:3)
  A necrophage (D:4)
  2 hounds (D:4)
  Natasha (thrice) (D:2)
  A gnoll (D:4)
  3 adders
  An ufetubus (D:4)
  2 worms (D:2)
  3 dart slugs
  11 ball pythons
  4 endoplasms
  3 giant cockroaches
  4 goblins
  3 hobgoblins
  5 quokkas
  8 bats
  4 frilled lizards
  5 kobolds
  7 rats
72 creatures vanquished.

Vanquished Creatures (others)
  A fungus (D:1)
  3 plants (D:3)
4 creatures vanquished.

Grand Total: 76 creatures vanquished

Notes
Turn   | Place    | Note
-------+----------+-------------------------------------------
     0 | D:1      | Atelerd the Octopode Earth Elementalist began the quest for
                  | the Orb.
     0 | D:1      | Reached XP level 1. HP: 11/11 MP: 3/3
    40 | D:1      | Found a faded altar of an unknown god.
   549 | D:1      | Reached skill level 3 in Stealth
   549 | D:1      | Reached XP level 2. HP: 17/17 MP: 5/5
  1209 | D:1      | Reached XP level 3. HP: 21/21 MP: 6/6
  2335 | D:2      | Noticed Natasha
  2343 | D:2      | Killed Natasha
  2344 | D:2      | Reached XP level 4. HP: 14/27 MP: 5/8
  2536 | D:2      | Reached skill level 4 in Stealth
  2773 | D:2      | Noticed Natasha
  2795 | D:2      | Killed Natasha
  2796 | D:2      | Reached XP level 5. HP: 17/31 MP: 6/9
  2815 | D:2      | Noticed Natasha
  2822 | D:2      | Killed Natasha
  3380 | D:3      | Noticed Sigmund
  3400 | D:3      | Killed Sigmund
  3401 | D:3      | Reached skill level 5 in Stealth
  3401 | D:3      | Reached XP level 6. HP: 23/36 MP: 9/11
  3406 | D:3      | Learned a level 4 spell: Petrify
  3523 | D:3      | Noticed Grinder
  3532 | D:3      | Killed Grinder
  3533 | D:3      | Reached skill level 6 in Stealth
  3533 | D:3      | Reached skill level 5 in Earth Magic
  3533 | D:3      | Reached XP level 7. HP: 27/41 MP: 8/13
  3711 | D:3      | Found a runed translucent door.
  3714 | D:3      | Noticed miilacz's ghost (amateur GnWn)
  4265 | D:4      | Found a snail-covered altar of Cheibriados.
  4606 | D:4      | Found Daskaenie's General Store.
  4614 | D:4      | Bought a potion of attraction for 30 gold pieces
  4732 | D:4      | Gained mutation: You are agile. (Dex +2) [potion of
                  | mutation]
  4732 | D:4      | Gained mutation: Your muscles are strong. (Str +2) [potion
                  | of mutation]
  4732 | D:4      | Gained mutation: Your muscles are very strong. (Str +4)
                  | [potion of mutation]
  4732 | D:4      | Slain by a centaur skeleton

Illustrated notes

Levels and vault maps discovered:
D:1:      tarquinn_simple_flora_water_d, layout_loops_ring,
          shapermc_ecumenical_altar_mp_ritualfount
D:2:      layout_loops_cross, minmay_pentomino_pile, uniq_natasha
D:3:      layout_rooms, ebering_ghost_inner_flame, serial_bayou,
          serial_bayou_shore_b, serial_bayou_crossing, serial_bayou_shore_b,
          serial_bayou_pond_d, uniq_grinder, uniq_sigmund
D:4:      layout_loops_corners, kennysheep_slug_shrine, serial_shops, shop

Skill      XL: |  1  2  3  4  5  6 |
---------------+-------------------+-----
Stealth        | 3 4 5 6 |  6.0
Transmutations | 2 |  2.0
Spellcasting   | 3 4 |  4.9
Earth Magic    | 4 5 |  5.6
Dodging        | |  2.0

Action                   |  1- 3 |  4- 6 |  7- 9 || total
-------------------------+-------+-------+-------++-------
Melee: Unarmed           |    10 |       |       ||    10
       Constrict         |    18 |     9 |     3 ||    30
       Tentacles         |    11 |     6 |     2 ||    19
       Dagger            |    50 |    43 |    20 ||   113
 Cast: Sandblast         |    16 |    12 |     6 ||    34
Evoke: Wand              |       |     2 |       ||     2
  Use: Potion            |       |       |     2 ||     2
       Scroll            |       |       |     1 ||     1
 Stab: Sleeping          |    11 |     6 |     8 ||    25
Armor: Skin              |     7 |     2 |     1 ||    10
Dodge: Dodged            |    34 |    29 |    19 ||    82
